Map: Frozen Temple

Players

HeroMarine - Winner!

  • Race: Terran Terran

MarineLorD

  • Race: Terran Terran

Event: 2016 WCS Summer Circuit Championship (DH Montreal)

VOD

Have the link to the VOD?

Description

Time

  • Played on: Aug. 13, 2016, 11:45 a.m.
  • Length: 16:22

All games in this series

Show
View Real Time Build Order
Export as new Build Order

HeroMarine Terran - Winner!

Build Orders: Reaper Expand, Bio Tank 

Get SALT Encoding   

  12  0:00  SCV  
  13  0:12  SCV  
  14  0:17  Supply Depot  
  14  0:24  SCV  
  15  0:38  SCV  
  15  0:40  Barracks  
  16  0:44  Refinery  
  16  0:50  SCV  
  17  1:02  SCV  
  18  1:15  SCV  
  19  1:27  Orbital Command  
  19  1:28  Reaper  
  20  1:42  Command Center  
  20  1:53  Supply Depot  
  20  1:54  SCV  
  20  2:00  Barracks Reactor  
  21  2:06  SCV  
  21  2:07  Refinery  
  22  2:19  SCV  
  22  2:21  Factory  
  23  2:31  SCV  
  23  2:35  Marine  
  23  2:36  Marine  
  26  2:43  SCV  
  27  2:53  Marine x2  
  27  2:54  Orbital Command  
  27  2:55  SCV  
  29  3:06  Factory Tech Lab  
  29  3:08  Starport  
  29  3:11  Marine x2, SCV  
  31  3:19  SCV  
  32  3:23  SCV  
  32  3:24  Cyclone  
  37  3:29  Engineering Bay  
  37  3:31  Marine  
  37  3:32  Marine  
  39  3:36  SCV  
  39  3:37  SCV  
  40  3:48  Marine, SCV  
  40  3:49  SCV  
  40  3:51  Medivac  
  44  4:01  Supply Depot  
  41  4:06  SCV x2  
  43  4:10  Bunker  
  43  4:17  Missile Turret  
  43  4:18  Missile Turret  
  43  4:19  Marine x2  
  46  4:28  Cloaking Field  
  46  4:30  Banshee  
  48  4:36  SCV  
  48  4:37  SCV  
  50  4:40  Missile Turret  
  50  4:41  Marine  
  50  4:42  Marine  
  52  4:45  Factory Tech Lab  
  52  4:48  SCV  
  52  4:51  Supply Depot  
  53  4:52  Supply Depot  
  53  4:54  SCV  
  53  4:59  Marine  
  51  5:00  Marine  
  51  5:01  SCV  
  51  5:06  SCV  
  53  5:09  Siege Tank  
  53  5:13  Banshee  
  59  5:21  Supply Depot  
  59  5:24  SCV  
  59  5:26  SCV  
  59  5:27  Command Center  
  59  5:28  Marine x2  
  61  5:36  SCV  
  61  5:38  Engineering Bay, SCV  
  61  5:42  Refinery  
  63  5:43  Refinery  
  63  5:44  Siege Tank  
  66  6:00  SCV x2  
  66  6:02  Barracks  
  66  6:03  Barracks  
  68  6:07  Stimpack  
  68  6:08  Viking x2  
  68  6:09  Marine  
  73  6:16  Supply Depot  
  73  6:18  SCV x2  
  75  6:22  Terran Infantry Weapons Level 1  
  75  6:27  Terran Infantry Armor Level 1  
  72  6:34  Marine, SCV x2  
  72  6:38  Viking  
  72  6:39  Viking  
  79  6:42  Orbital Command  
  79  6:53  Barracks Reactor x2  
  79  6:56  SCV x2  
  79  6:58  Barracks  
  79  6:59  Siege Tank  
  79  7:00  Barracks  
  84  7:04  Marine  
  84  7:05  Supply Depot  
  84  7:08  Viking, SCV  
  88  7:09  Orbital Command  
  88  7:12  Viking  
  90  7:15  Supply Depot  
  90  7:19  SCV  
  90  7:20  SCV  
  90  7:22  Marine  
  93  7:31  SCV  
  93  7:32  SCV  
  93  7:33  Marine x4  
  93  7:34  Siege Tank  
  102  7:40  Marine, SCV  
  106  7:45  Armory  
  106  7:48  SCV x2  
  106  7:49  Medivac  
  108  7:53  Medivac  
  108  7:54  Refinery, Marine x2, SCV  
  108  7:55  Refinery  
  108  7:58  Marine x2  
  114  7:59  Barracks Reactor  
  114  8:00  SCV x2  
  114  8:01  Barracks Reactor  
  117  8:05  Supply Depot  
  117  8:06  Supply Depot  
  117  8:09  Supply Depot  
  117  8:11  Supply Depot  
  117  8:13  Supply Depot  
  117  8:18  SCV x3  
  120  8:20  Combat Shields  
  120  8:23  Medivac  
  120  8:25  Medivac  
  120  8:26  Marine  
  125  8:27  Marine  
  125  8:30  Marine x2, SCV x3  
  125  8:32  Marine  
  132  8:36  Terran Infantry Weapons Level 2  
  132  8:39  Marine x2  
  132  8:40  Marine x2  
  136  8:42  SCV  
  136  8:47  Terran Infantry Armor Level 2  
  136  8:48  Marine x3  
  137  8:49  Marine x2  
  137  8:54  Factory  
  142  8:57  Supply Depot, Marine x3  
  142  8:58  Marine  
  144  9:04  Medivac  
  144  9:06  Marine x2  
  144  9:09  Medivac  
  150  9:10  Marine x2  
  150  9:18  Marine x2  
  150  9:19  Marine x2  
  150  9:21  Marine  
  150  9:23  Siege Tank  
  150  9:24  Marine  
  158  9:28  Marine x2  
  158  9:30  Marine  
  162  9:34  Viking, Supply Depot, Terran Vehicle Weapons Level 1  
  162  9:35  Supply Depot, Marine  
  165  9:38  Viking  
  165  9:43  Factory Tech Lab  
  165  9:44  Marine x2  
  165  9:45  Marine x2  
  171  9:47  Marine x2  
  173  9:56  Siege Tank  
  176  10:00  Command Center  
  176  10:03  Siege Tank  
  179  10:09  Marine  
  179  10:14  Marine x2  
  166  10:15  Marine x2  
  166  10:16  Marine x2  
  166  10:21  Marine  
  148  10:22  Medivac x2  
  148  10:27  Marine  
  148  10:28  Siege Tank  
  157  10:31  Marine  
  157  10:32  Marine x2  
  157  10:33  Marine  
  157  10:34  Marine x2  
  159  10:42  Siege Tank  
  161  10:43  Command Center  
  161  10:52  Medivac, Marine  
  164  10:58  Terran Infantry Weapons Level 3  
  164  10:59  Marine  
  164  11:00  Marine  
  164  11:01  Marine  
  167  11:08  Marine  
  167  11:11  Siege Tank  
  170  11:16  Terran Infantry Armor Level 3  
  170  11:17  Marine  
  171  11:20  Marine, Siege Tank  
  171  11:21  Marine x2  
  171  11:22  Marine x2  
  178  11:29  Marine x2  
  178  11:30  Marine  
  181  11:35  Marine  
  181  11:38  Marine x2  
  181  11:39  Marine x2  
  146  11:40  Marine  
  146  11:43  Siege Tank  
  146  11:46  Marine  
  146  11:47  Marine  
  145  11:48  Marine  
  145  11:52  Marine, Siege Tank  
  151  11:56  Marine x2  
  151  11:57  Marine x2  
  151  11:59  Marine  
  156  12:05  Marine  
  156  12:06  Marine x2  
  156  12:08  Barracks  
  159  12:10  Marine  
  159  12:11  Barracks  
  159  12:12  Barracks  
  159  12:14  Marine x2  
  159  12:15  Marine x2, Siege Tank  
  166  12:18  Marine  
  167  12:22  Marine  
  167  12:23  Marine  
  167  12:26  Siege Tank  
  172  12:30  Viking x2  
  172  12:32  Marine  
  172  12:35  Marine x2  
  164  12:37  Marine  
  164  12:38  Marine  
  164  12:39  Marine  
  164  12:42  Marine x2  
  164  12:47  Planetary Fortress  
  164  12:49  Marine  
  165  12:52  Marine  
  166  13:00  Sensor Tower  
  166  13:07  Barracks Reactor x2  
  166  13:08  Barracks Reactor, Sensor Tower  
  166  13:11  Terran Vehicle Weapons Level 2  
  166  13:15  Viking  
  166  13:19  Viking  
  168  13:20  SCV  
  168  13:21  SCV  
  168  13:24  SCV x2  
  170  13:32  Marine, SCV  
  170  13:34  Siege Tank x2  
  178  13:38  Missile Turret  
  178  13:45  Medivac  
  180  13:49  Medivac  
  180  13:50  Marine x3  
  180  13:51  Marine x2  
  180  13:53  Marine x2  
  180  13:54  Marine  
  180  13:55  Marine x2  
  191  13:56  Marine  
  193  14:09  Marine  
  191  14:11  Marine x2  
  191  14:12  Marine x2  
  191  14:13  Marine x2  
  191  14:14  Marine x2  
  191  14:15  Medivac, Marine x3  
  191  14:16  Marine  
  184  14:17  Marine, Siege Tank  
  184  14:18  Marine  
  189  14:27  Marine  
  189  14:29  Marine x3  
  189  14:30  Marine  
  194  14:33  Marine x2  
  194  14:34  Marine  
  194  14:37  Marine x2  
  199  14:43  Marine  
  168  14:46  Marine  
  168  14:49  Marine x2  
  168  14:51  Marine  
  142  14:54  Marine x5  
  142  14:55  Siege Tank x2  
  142  14:57  Marine  
  151  15:00  Marine x2  
  151  15:04  Marine x2  
  151  15:06  Marine x2  
  152  15:07  Marine  
  152  15:12  Marine  
  152  15:13  Marine x2  
  145  15:14  Marine x2  
  145  15:17  Marine x2  
  147  15:23  Marine  
  147  15:24  Marine  
  147  15:27  Siege Tank x2  
  147  15:28  Marine x3  
  158  15:36  Marine x3  
  158  15:38  Marine x3  
  158  15:39  Marine  
  165  15:46  Orbital Command  
  165  15:51  Marine  
  165  15:52  Marine x2  
  168  15:58  Marine x2  
  168  15:59  Marine x2  
  168  16:00  Marine x2  
Show
View Real Time Build Order
Export as new Build Order

MarineLorD Terran 

Build Orders: Bio Tank 

Get SALT Encoding   

  12  0:00  SCV  
  13  0:12  SCV  
  14  0:18  Supply Depot  
  14  0:24  SCV  
  15  0:28  Refinery  
  15  0:39  SCV  
  16  0:44  Barracks  
  16  0:51  SCV  
  17  1:04  SCV  
  18  1:16  SCV  
  19  1:31  Orbital Command  
  19  1:32  Marine, Factory  
  20  1:39  Supply Depot  
  20  1:50  Reaper  
  21  1:57  SCV  
  22  2:09  SCV  
  22  2:11  Command Center  
  23  2:16  Hellion  
  23  2:21  SCV  
  23  2:22  Barracks Reactor  
  26  2:36  SCV  
  26  2:37  Supply Depot  
  27  2:38  Hellion  
  27  2:42  Refinery  
  29  2:47  Starport  
  29  2:50  SCV  
  30  3:02  SCV  
  31  3:10  Barracks Tech Lab  
  30  3:14  Hellion x2  
  30  3:15  SCV  
  35  3:23  Orbital Command  
  35  3:27  SCV  
  36  3:39  SCV  
  34  3:49  Viking, SCV  
  34  3:51  SCV  
  34  3:52  Marine x2  
  34  3:54  Cyclone  
  44  3:58  Supply Depot  
  44  4:02  SCV  
  45  4:03  SCV  
  44  4:10  Marine x2  
  44  4:14  Supply Depot, SCV  
  44  4:15  SCV  
  48  4:19  Viking  
  50  4:26  SCV  
  50  4:27  SCV  
  50  4:28  Marine x2  
  54  4:38  Siege Tank, SCV  
  55  4:39  SCV  
  55  4:43  Refinery  
  55  4:45  Command Center, Refinery  
  59  4:46  Marine  
  59  4:47  Marine  
  59  4:50  SCV  
  59  4:51  SCV  
  63  5:03  SCV  
  63  5:04  SCV  
  67  5:14  Supply Depot  
  67  5:15  SCV  
  67  5:16  Engineering Bay x2, SCV  
  67  5:18  Siege Tank  
  70  5:24  Barracks Tech Lab  
  70  5:34  Supply Depot  
  70  5:36  Viking x2, SCV x2  
  70  5:41  Supply Depot  
  76  5:43  Marine, Stimpack  
  76  5:48  SCV  
  78  5:54  Terran Infantry Weapons Level 1  
  78  5:55  Terran Infantry Armor Level 1  
  78  5:56  SCV  
  79  6:00  SCV, Orbital Command  
  79  6:02  Marine  
  81  6:08  SCV  
  81  6:11  Viking  
  84  6:12  SCV  
  84  6:15  Medivac  
  90  6:18  Siege Tank  
  90  6:20  SCV  
  90  6:23  Missile Turret  
  90  6:24  SCV  
  90  6:27  Missile Turret  
  89  6:34  SCV x2  
  88  6:40  Missile Turret  
  88  6:42  SCV  
  88  6:44  Marine  
  88  6:46  SCV  
  91  6:48  SCV  
  92  6:54  Siege Tank, SCV  
  92  6:59  Barracks  
  92  7:00  Barracks, SCV  
  97  7:02  Medivac x2  
  101  7:09  SCV  
  101  7:13  SCV  
  101  7:14  SCV  
  101  7:15  Marine  
  105  7:19  Barracks  
  105  7:20  Barracks, Armory  
  105  7:26  Supply Depot  
  105  7:27  Supply Depot  
  105  7:28  SCV  
  105  7:29  Supply Depot, SCV  
  105  7:33  Refinery  
  105  7:34  SCV  
  105  7:36  Refinery  
  106  7:38  Marine  
  106  7:42  SCV  
  108  7:45  SCV  
  108  7:48  Siege Tank  
  112  7:54  SCV  
  113  8:03  Supply Depot, Barracks Reactor x2, Combat Shields  
  113  8:04  Marine  
  113  8:05  SCV  
  109  8:10  SCV  
  111  8:13  Barracks Reactor  
  111  8:15  Terran Infantry Weapons Level 2, Terran Infantry Armor Level 2  
  111  8:19  Barracks Reactor  
  110  8:22  Marine  
  110  8:23  Terran Vehicle Weapons Level 1  
  110  8:25  SCV x3  
  114  8:27  Missile Turret  
  114  8:31  Supply Depot  
  114  8:33  Supply Depot  
  114  8:40  Marine x5  
  118  8:42  Siege Tank  
  118  8:43  Medivac x2  
  124  8:51  Marine x2  
  126  8:56  Marine  
  126  8:57  Factory, Marine x2, Sensor Tower  
  126  8:58  Marine x3  
  126  8:59  Marine  
  133  9:08  Marine x2  
  134  9:13  Viking x2  
  134  9:14  Marine, Siege Tank  
  134  9:15  Marine x4  
  134  9:16  Marine  
  134  9:17  Marine  
  145  9:24  Supply Depot  
  146  9:25  Supply Depot  
  146  9:26  Marine x2  
  148  9:32  Marine  
  148  9:33  Marine x5  
  148  9:34  Marine  
  153  9:43  Factory Tech Lab, Medivac x2  
  153  9:44  Marine x2  
  157  9:46  Siege Tank  
  157  9:49  Command Center  
  157  9:50  Marine  
  157  9:51  Marine x5  
  157  9:52  Marine  
  167  9:56  Supply Depot  
  167  9:58  Supply Depot  
  167  10:02  Marine x2  
  169  10:08  Marine  
  169  10:09  Marine x3  
  169  10:13  Marine x2  
  173  10:14  Marine  
  173  10:18  Siege Tank  
  173  10:20  Marine x2  
  142  10:25  Marine  
  142  10:26  Marine  
  142  10:27  Marine x2  
  146  10:29  Siege Tank  
  146  10:31  Marine x2  
  146  10:32  Marine  
  150  10:37  Marine  
  150  10:38  Marine  
  150  10:39  Viking x2  
  156  10:43  Marine  
  156  10:44  Marine x3  
  156  10:46  Terran Infantry Weapons Level 3  
  156  10:48  Marine x2  
  156  10:49  Terran Infantry Armor Level 3  
  162  10:50  Marine  
  162  10:51  Siege Tank  
  162  10:55  Marine  
  167  11:01  Marine x2  
  167  11:02  Siege Tank  
  172  11:04  Marine x2  
  172  11:09  Missile Turret  
  174  11:13  Marine x2  
  174  11:14  Marine  
  174  11:15  Marine  
  183  11:19  Marine, Medivac x2  
  183  11:23  Siege Tank  
  186  11:28  Marine x2  
  186  11:30  Marine x2  
  186  11:31  Refinery  
  190  11:33  Marine, Refinery  
  190  11:34  Marine, Siege Tank  
  190  11:38  Marine x2  
  135  11:49  Marine x2, Medivac x2  
  141  11:55  Siege Tank  
  141  11:57  Marine x2  
  137  12:04  Marine x5  
  137  12:06  Siege Tank  
  137  12:07  Marine x2  
  147  12:10  Planetary Fortress  
  147  12:11  Barracks  
  147  12:12  Barracks  
  147  12:14  Command Center, Marine  
  147  12:15  Marine  
  149  12:19  Medivac  
  149  12:22  Marine x3, Barracks  
  153  12:23  Marine x2  
  153  12:26  Marine x2  
  157  12:36  Marine x2  
  157  12:39  Marine x3  
  157  12:41  Marine x2  
  158  12:46  Medivac  
  158  12:48  Marine x2  
  158  12:49  Medivac  
  164  12:53  Siege Tank  
  164  12:54  Marine  
  164  12:57  Siege Tank  
  170  12:59  Barracks Reactor, Terran Vehicle Weapons Level 2  
  170  13:00  Barracks Reactor  
  170  13:14  Marine x3  
  170  13:16  Marine, Medivac  
  170  13:19  Medivac, Marine  
  178  13:20  Marine  
  178  13:22  Marine  
  178  13:25  Siege Tank  
  178  13:26  Marine x2  
  185  13:32  Siege Tank  
  188  13:39  Marine  
  188  13:40  Marine x3  
  188  13:41  Marine x2  
  192  13:42  Marine  
  192  13:44  Marine  
  192  13:46  Marine  
  197  13:51  Sensor Tower  
  197  13:52  Marine x2  
  199  13:57  Marine  
  200  14:07  Marine  
  198  14:14  Viking x2, Marine x3  
  198  14:15  Marine x3  
  198  14:16  Marine  
  185  14:21  Marine x2  
  185  14:22  Marine x3  
  185  14:24  Marine  
  190  14:25  Marine  
  192  14:32  Marine x3  
  192  14:33  Building Armor  
  192  14:35  Planetary Fortress  
  195  14:44  Marine x2  
  195  14:45  Marine x4  
  184  14:46  Marine x4  
  184  14:47  Marine  
  184  14:50  Marine x2  
  156  14:53  Marine  
  148  15:00  Siege Tank  
  148  15:02  Marine x2, Siege Tank  
  148  15:03  Marine x4  
  148  15:04  Marine  
  159  15:08  Marine  
  159  15:09  Marine  
  143  15:25  Marine x2  
  143  15:32  Siege Tank  
  143  15:34  Command Center, Siege Tank, Factory  
  149  15:48  Marine x2  
  149  15:49  Marine  
  152  15:50  Marine x2  
  152  15:52  Marine  
  152  15:54  Marine  
  152  15:56  Marine x2  
  158  15:57  Marine  
  158  16:01  Marine  
  158  16:03  Marine  
Tags
 
Add a new tag
Caveats
  • Supply blocks, unpowered buildings, or Contaminate may cause inaccurate times.
  • Supply counts are checked every 10 seconds.